 Dungeon Crawl Stone Soup version 0.21.1-1-g345015fe64 (webtiles) character file.

87 ImError the Jester (level 4, -2/35 HPs)
             Began as a Formicid Fighter on May 15, 2018.
             Was a Follower of Nemelex Xobeh.
             Slain by supermoro's ghost (7 damage)
             ... on level 3 of the Dungeon.
             The game lasted 00:06:21 (1711 turns).

ImError the Jester (Formicid Fighter)               Turns: 1711, Time: 00:06:21

Health: -2/35      AC:  6    Str: 20    XL:     4   Next: 80%
Magic:  7/7        EV:  7    Int:  8    God:    Nemelex Xobeh [*.....]
Gold:   67         SH:  9    Dex: 11    Spells: 3/3 levels left

rFire    . . .     SeeInvis +   a - +0 war axe
rCold    . . .     Gourm    .   c - +0 shield
rNeg     . . .     Faith    .   b - +0 scale mail
rPois    .         Spirit   .   (helmet unavailable)
rElec    .         Reflect  .   (no cloak)
rCorr    .         Harm     .   (no gloves)
MR       .....                  (no boots)
Stlth    ..........             (no amulet)
HPRegen  0.11/turn              (no ring)
MPRegen  0.10/turn              (no ring)

@: no status effects
A: permanent stasis, dig shafts and tunnels, four strong arms, antennae 3
a: Dig, Shaft Self, Renounce Religion


You were on level 3 of the Dungeon.
You worshipped Nemelex Xobeh.
Nemelex Xobeh was aware of your devotion.
You were not hungry.

You visited 1 branch of the dungeon, and saw 3 of its levels.

You collected 67 gold pieces.

Inventory:

Hand Weapons
 a - a +0 war axe (weapon)
Missiles
 h - 136 stones (quivered)
 r - 20 arrows
Armour
 b - a +0 scale mail (worn)
 c - a +0 shield (worn)
Jewellery
 s - an uncursed ring of protection from magic {unknown}
 u - a +4 ring of protection {unknown}
Scrolls
 e - a scroll of magic mapping {unknown}
 g - 3 scrolls of random uselessness {unknown}
 l - a scroll of remove curse {unknown}
 m - a scroll of fear {unknown}
 n - 2 scrolls of teleportation {unknown}
 t - 2 scrolls of noise {unknown}
Potions
 d - a potion of might
 j - a potion of resistance {unknown}
 k - 2 potions of flight {unknown}
 o - a potion of heal wounds {unknown}
 p - 2 potions of invisibility {unknown}
 v - a potion of curing {unknown}
Miscellaneous
 i - a legendary deck of summoning
 q - an ornate deck of summoning
Comestibles
 f - 4 rations


   Skills:
 + Level 3.4 Fighting
 + Level 2.1 Axes
 - Level 3.4 Armour
 + Level 3.7 Shields
 + Level 4.4 Invocations


You had 3 spell levels left.
You didn't know any spells.

Dungeon Overview and Level Annotations

Branches:
Dungeon (3/15)

Altars:
Makhleb
Nemelex Xobeh

Annotations:
D:3 supermoro's ghost, amateur MiFi


Innate Abilities, Weirdness & Mutations

You cannot be hasted, slowed, berserked, paralysed or teleported.
You can dig through walls and to a lower floor.
Your four strong arms can wield two-handed weapons with a shield.
You have a pair of large antennae on your head. (SInv)


Message History

f - 4 rations (gained 1)
v - a green potion
Found a scroll labeled WAUCEL IHUHE.
Supermoro's ghost (amateur Minotaur Fighter) comes into view.
Supermoro's ghost turns its malevolent gaze towards you.
Press: ? - help, v - describe, . - travel The floor.
There is a stone staircase leading down here.
There is a stone staircase leading up here.
You hit supermoro's ghost.
Supermoro's ghost is lightly damaged.
Supermoro's ghost hits you!
You hit supermoro's ghost but do no damage.
Supermoro's ghost is lightly damaged.
Supermoro's ghost hits you but does no damage.
Supermoro's ghost hits you!
* * * LOW HITPOINT WARNING * * *
Supermoro's ghost hits you!
You die...
Your body disappears without a glow.

.# .. #.
####.
....##
#..#####
#..@..#
#..W..#
#.....#
#.....#
##.>..#
#....#
#....#
#....#
#....#


You could see supermoro's ghost.

Vanquished Creatures
  A hound (D:2)
  An adder (D:2)
  An ooze (D:2)
  2 worms (D:2)
  3 leopard geckos
  2 giant cockroaches (D:1)
  2 hobgoblins (D:1)
  2 jackals (D:1)
  6 kobolds
  4 bats
  4 frilled lizards
  5 goblins
  3 rats (D:2)
36 creatures vanquished.

Notes
Turn   | Place    | Note
-------+----------+-------------------------------------------
     0 | D:1      | ImError the Formicid Fighter began the quest for the Orb.
     0 | D:1      | Reached XP level 1. HP: 18/18 MP: 1/1
    98 | D:1      | Found a sparkling altar of Nemelex Xobeh.
   108 | D:1      | Became a worshipper of Nemelex Xobeh the Trickster
   151 | D:1      | Reached XP level 2. HP: 24/24 MP: 2/2
   153 | D:1      | Reached skill level 1 in Invocations
   169 | D:1      | Received a gift from Nemelex Xobeh
   316 | D:1      | Reached skill level 2 in Invocations
   333 | D:1      | Reached XP level 3. HP: 26/29 MP: 4/4
   621 | D:2      | Reached skill level 3 in Invocations
  1043 | D:2      | Received a gift from Nemelex Xobeh
  1088 | D:2      | Reached XP level 4. HP: 35/35 MP: 6/6
  1116 | D:2      | Reached skill level 4 in Invocations
  1138 | D:2      | Reached * piety under Nemelex Xobeh
  1635 | D:2      | Found a burning altar of Makhleb.
  1693 | D:3      | Noticed supermoro's ghost (amateur MiFi)
  1711 | D:3      | Slain by supermoro's ghost

Skill      XL: |  1  2  3  4 |
---------------+-------------+-----
Invocations    | 2 3 4 |  4.4
Fighting       | |  3.4
Axes           | |  2.1
Armour         | |  3.4
Shields        | |  3.7

Action                   |  1- 3 |  4- 6 || total
-------------------------+-------+-------++-------
Melee: War axe           |   103 |    31 ||   134
  Eat: Chunk             |       |     3 ||     3
Armor: Scale mail        |    52 |    12 ||    64
Dodge: Dodged            |    24 |     6 ||    30
Block: Shield            |    58 |    14 ||    72
